 Dungeon Crawl Stone Soup version 0.27-a0-1591-gc56fcc985a (webtiles) character file.

Game seed: 10933371251060454626

15117 DocSulfur the Grappler (level 11, -17/105 (115) HPs)
             Began as a Troll Hunter on July 19, 2021.
             Was a High Priest of Okawaru.
             Killed from afar by a necromancer (23 damage)
             ... with a bolt of negative energy
             ... on level 15 of the Dungeon.
             The game lasted 00:29:59 (9966 turns).

DocSulfur the Grappler (Troll Hunter)               Turns: 9966, Time: 00:30:02

HP:   -17/105 (115) AC: 12    Str: 25    XL:     11   Next: 97%
MP:   12/14         EV: 15    Int:  7    God:    Okawaru [*****.]
Gold: 498           SH:  0    Dex: 16    Spells: 10/10 levels left

rFire    . . .     SeeInvis .     - Unarmed
rCold    + . .     Faith    .   (no shield)
rNeg     . . .     Spirit   .   O - +0 acid dragon scales
rPois    +         Reflect  .   (helmet restricted)
rElec    .         Harm     .   C - +2 cloak {rPois}
rCorr    +         Rampage  .   (gloves unavailable)
Will     .....                  (boots unavailable)
Stlth    +++.......             e - amulet of the acrobat
HPRegen  1.27/turn              I - +6 ring of dexterity
MPRegen  0.14/turn              H - ring of protection from cold

@: heroic, drained
A: large, unfitting armour, claws 3, regeneration 1, shaggy fur 1, tough skin 1
a: Renounce Religion, Heroism, Finesse


You were on level 15 of the Dungeon.
You worshipped Okawaru.
Okawaru was extremely pleased with you.
You visited 2 branches of the dungeon, and saw 14 of its levels.
You also visited: Sewer.

You collected 667 gold pieces.
You spent 169 gold pieces at shops.

Inventory:

Hand Weapons
 a - a +0 short sword
 J - a +10 quarterstaff
Missiles
 c - 12 large rocks (quivered)
 d - 7 throwing nets
 g - 422 stones
 y - 20 poisoned darts
 D - 82 sling bullets
 S - 4 curare-tipped darts
 X - 5 silver javelins
 Y - 4 atropa-tipped darts
Armour
 C - a +2 cloak of poison resistance (worn)
 N - the +2 hat of the Wary Friends {-Tele rF++ rC- Stlth+}
   (Okawaru gifted it to you on level 9 of the Dungeon)

   rF:        It greatly protects you from fire.
   rC:        It makes you vulnerable to cold.
   -Tele:     It prevents most forms of teleportation.
   Stlth:     It makes you more stealthy.
 O - +0 acid dragon scales (worn)
 V - a +1 robe of willpower
Jewellery
 e - an amulet of the acrobat (around neck)
 B - a ring of flight
 E - a ring of fire
 H - a ring of protection from cold (right claw)
 I - a +6 ring of dexterity (left claw)
 K - an amulet of faith
 P - an amulet of reflection
 R - a ring of wizardry
Wands
 k - a wand of paralysis (6)
 r - a wand of iceblast (24)
 G - a wand of mindburst (22)
 W - a wand of acid (5)
Scrolls
 m - a scroll of acquirement
 n - 2 scrolls of enchant weapon
 p - 2 scrolls of summoning
 s - 3 scrolls of enchant armour
 t - 2 scrolls of teleportation
 u - a scroll of vulnerability
 v - a scroll of immolation {unknown}
 w - a scroll of blinking
 A - 3 scrolls of fog
 L - 4 scrolls of identify
 M - a scroll of silence
 Q - a scroll of brand weapon {unknown}
Potions
 b - a potion of berserk rage {unknown}
 f - 3 potions of curing
 h - 5 potions of might
 i - 4 potions of heal wounds
 j - a potion of lignification
 l - a potion of resistance {unknown}
 o - 6 potions of flight
 q - 2 potions of attraction
 x - 5 potions of haste
 z - 2 potions of magic {unknown}
 F - a potion of mutation {unknown}
 T - a potion of cancellation {unknown}
 U - a potion of ambrosia {unknown}


   Skills:
 + Level 9.2(14.2) Fighting
 * Level 7.7(12.7) Throwing
 * Level 6.9(11.9) Dodging
 - Level 0.3(5.3) Stealth
 - Level 10.2(15.2) Unarmed Combat
 + Level 6.3 Invocations


You had 10 spell levels left.
You didn't know any spells.
Your spell library contained the following spells:

 Spells                   Type           Power      Damage    Failure   Level
 Shock                    Conj/Air       0%         1d3       50%         1
 Slow                     Hex            0%         N/A       63%         2
 Static Discharge         Conj/Air       0%         N/A       63%         2
 Confusing Touch          Hex            0%         N/A       86%         3
 Dazzling Flash           Conj/Hex       0%         N/A       86%         3
 Frozen Ramparts          Ice            0%         1d2       86%         3
 Gell's Gravitas          Tloc           0%         N/A       86%         3
 Inner Flame              Hex/Fire       0%         N/A       86%         3
 Lesser Beckoning         Tloc           0%         N/A       86%         3
 Ozocubu's Armour         Ice            0%         N/A       86%         3
 Swiftness                Air            0%         N/A       86%         3
 Teleport Other           Tloc           0%         N/A       86%         3
 Vampiric Draining        Necr           0%         2d6       86%         3
 Airstrike                Air            0%         N/A       99%         4
 Dispel Undead            Necr           0%         3d6       99%         4
 Hailstorm                Conj/Ice       0%         3d3       99%         4
 Sticky Flame             Conj/Fire      0%         2d3       99%         4
 Agony                    Necr           0%         N/A       100%        5
 Silence                  Hex/Air        0%         N/A       100%        5
 Conjure Ball Lightning   Conj/Air       0%         3x3d6     100%        6
 Ozocubu's Refrigeration  Ice            0%         4d5       100%        7
 Discord                  Hex            0%         N/A       100%        8
 Disjunction              Tloc           0%         N/A       100%        8


Dungeon Overview and Level Annotations

Branches:
Dungeon (12/15)            Temple (1/1) D:5            Lair (0/6) D:8
    Orc (0/2) D:9           Sewer (visited)

Altars:
Ashenzari
Cheibriados
Dithmenos
Elyvilon
Fedhas
Gozag
Hepliaklqana
Kikubaaqudgha
Makhleb
Nemelex Xobeh
Okawaru
Qazlal
Ru
Sif Muna
Trog
Uskayaw
Vehumet
Wu Jian
Xom
Yredelemnul
Zin
The Shining One

Shops:
D:6 *   D:7 ??

Portals:
Abyss: D:8

Annotations:
D:6 exclusion: oklob plant
D:8 2 transporters, mokwee's ghost, novice OpVM
D:9 2 runed translucent doors, Fama's ghost, novice TrCK
D:12 2 runed translucent doors


Innate Abilities, Weirdness & Mutations

You are too large for most types of armour.
You have claws for hands.
Your natural rate of healing is unusually fast.
You are covered in fur. (AC +1)
You have tough skin. (AC +1)


Message History

The purple ugly thing engulfs you but does no damage.
You claw the yaktaur!
The yaktaur is almost dead.
The yaktaur hits you!
The purple ugly thing engulfs you but does no damage.
You barely miss the yaktaur. You claw the yaktaur, but do no damage.
The yaktaur is almost dead.
Your surroundings suddenly seem different.
A tengu warrior comes into view. It is wielding a +3 great sword.
Found 4 atropa-tipped darts.
Y - 4 atropa-tipped darts You hear the faint crackling of a melting archway nearby.
You feel like a meek peon again.
The tengu warrior shouts!
You hear a shout!
The tengu warrior unwields a +3 great sword.
The tengu warrior wields a +0 arbalest.
The tengu warrior shoots a bolt.
The bolt hits you!!
The tengu warrior shoots a bolt.
The bolt hits you!!
You feel much better.
The tengu warrior shoots a bolt.
The bolt barely misses you.
A necromancer comes into view. It is wielding a +0 dagger.
You hear a shout!
The tengu warrior shoots a bolt.
The bolt closely misses you.
You gain the combat prowess of a mighty hero.
The tengu warrior shoots a bolt.
The bolt hits you!!
* * * LOW HITPOINT WARNING * * *
An orc sorcerer comes into view.
It is wielding a +0 dagger and wearing a +2 robe of willpower.
You mangle the necromancer!!
The necromancer is heavily wounded.
The necromancer gestures at you while chanting.
The bolt of negative energy hits you!!
You feel drained.
* * * LOW HITPOINT WARNING * * *
The tengu warrior shoots a bolt.
The bolt hits you but does no damage.
Blink to where?
Press: ? - help, Dir - move target A stone giant comes into view.
As you read the scroll of blinking, it crumbles to dust.
The necromancer gestures at you while chanting.
The bolt of negative energy hits you!!
You feel drained.
You die...

#.. .. .. # .#C
..# # ### #.#
.## #.# #.# #o.
#.# #@####.# ##
#.###....p#...#
#.......ยง..Q..#
#########.#...#
###.### #


You could see a stone giant, a tengu warrior and a necromancer.

Vanquished Creatures
  Harold (D:8)
  A rakshasa (D:12)
  4 two-headed ogres
  Urug (D:12)
  Sonja (D:12)
  A deep elf pyromancer (D:12)
  2 ugly things
  2 gargoyles
  A kobold demonologist (D:9)
  2 trolls
  2 yaktaurs (D:15)
  Prince Ribbit (D:8)
  2 wyverns
  3 wraiths
  6 yaks
  2 swamp worms (D:11)
  3 acid dragons
  2 water moccasins
  7 orc warriors
  2 ice beasts
  3 sky beasts
  An ogre (D:5)
  A necrophage (D:5)
  5 centaurs
  2 kobold brigands
  A gnoll sergeant (D:11)
  5 bullfrogs
  2 wyvern zombies
  A water moccasin skeleton (D:5)
  14 killer bees
  10 wights (D:9)
  2 howler monkeys
  A crimson imp (D:3)
  A centaur zombie (D:8)
  3 jellies
  8 orc priests
  2 bullfrog skeletons (D:5)
  3 hounds
  3 centaur skeletons
  5 iguanas
  5 orc wizards
  A mummy (D:6)
  A hound skeleton (D:3)
  A howler monkey zombie (D:5)
  3 gnolls (D:11)
  2 river rats (D:6)
  9 adders
  A worm (D:3)
  2 dart slugs
  26 orcs
  5 endoplasms
  4 giant cockroaches
  8 goblins
  6 hobgoblins
  4 jackals
  9 kobolds
  4 quokkas
  6 ball pythons
  4 bats
  3 frilled lizards (D:1)
  11 rats
234 creatures vanquished.

Vanquished Creatures (others)
  2 fungi (D:7)
  10 plants
12 creatures vanquished.

Grand Total: 246 creatures vanquished

Notes
Turn   | Place    | Note
-------+----------+-------------------------------------------
     0 | D:1      | DocSulfur the Troll Hunter began the quest for the Orb.
     0 | D:1      | Reached XP level 1. HP: 19/19 MP: 0/0
   131 | D:1      | Reached skill level 1 in Unarmed Combat
   243 | D:1      | Reached XP level 2. HP: 28/28 MP: 1/1
   459 | D:1      | Reached skill level 2 in Unarmed Combat
   594 | D:1      | Reached XP level 3. HP: 33/35 MP: 2/2
  1025 | D:2      | Found a faded altar of an unknown god.
  1242 | D:2      | Reached XP level 4. HP: 44/44 MP: 3/3
  1325 | D:2      | Reached skill level 3 in Unarmed Combat
  1613 | D:3      | Found a shimmering altar of Xom.
  1614 | D:3      | Found a burning altar of Makhleb.
  1790 | D:3      | Reached XP level 5. HP: 50/50 MP: 4/4
  1943 | D:3      | Reached skill level 4 in Unarmed Combat
  2477 | D:4      | Identified a scroll of acquirement
  2854 | D:5      | Entered Level 5 of the Dungeon
  2869 | D:5      | Reached XP level 6. HP: 61/61 MP: 5/5
  2877 | D:5      | Reached skill level 5 in Unarmed Combat
  3014 | D:5      | Found a staircase to the Ecumenical Temple.
  3073 | D:5      | Reached skill level 6 in Unarmed Combat
  3073 | D:5      | Reached XP level 7. HP: 68/68 MP: 6/6
  3091 | Temple   | Entered the Ecumenical Temple
  3256 | Temple   | Became a worshipper of Warmaster Okawaru
  3516 | D:5      | Found a shimmering blue altar of Sif Muna.
  3548 | D:5      | Found a sacrificial altar of Ru.
  3658 | D:6      | Reached skill level 7 in Unarmed Combat
  3682 | D:6      | Reached * piety under Okawaru
  3693 | D:6      | Reached XP level 8. HP: 71/79 MP: 7/7
  3721 | D:6      | Found Zin's Purification Station.
  3727 | D:6      | Found a glowing silver altar of Zin.
  3853 | D:6      | Found a glowing drain.
  3857 | Sewer    | Entered a sewer
  3963 | Sewer    | Reached skill level 8 in Unarmed Combat
  3970 | Sewer    | Found a white marble altar of Elyvilon.
  4108 | D:6      | Found a snail-covered altar of Cheibriados.
  4253 | D:6      | Reached skill level 5 in Fighting
  4473 | D:6      | Found a blossoming altar of Fedhas.
  4652 | D:6      | Noticed an oklob plant
  4820 | D:7      | Found Seetrap's Magic Scroll Shop.
  4829 | D:7      | Bought a scroll of blinking for 97 gold pieces
  4829 | D:7      | Bought a scroll of teleportation for 39 gold pieces
  4907 | D:7      | Reached skill level 1 in Invocations
  5025 | D:7      | Reached ** piety under Okawaru
  5090 | D:7      | Reached skill level 9 in Unarmed Combat
  5095 | D:7      | Reached XP level 9. HP: 83/89 MP: 9/9
  5095 | D:7      | Found a glowing silver altar of Zin.
  5332 | D:7      | Noticed a two-headed ogre
  5337 | D:7      | Killed a two-headed ogre
  5359 | D:7      | Found a hazy altar of Hepliaklqana.
  5359 | D:7      | Found a faded altar of an unknown god.
  5361 | D:7      | Noticed a gargoyle
  5364 | D:7      | Killed a gargoyle
  5364 | D:7      | Reached *** piety under Okawaru
  5365 | D:7      | Reached skill level 10 in Unarmed Combat
  5462 | D:7      | Found a stormy altar of Qazlal.
  5742 | D:7      | Found Tychixt's Magic Scroll Emporium.
  5747 | D:7      | Bought a scroll of noise for 11 gold pieces
  5747 | D:7      | Bought a scroll of fog for 22 gold pieces
  5890 | D:8      | Noticed a two-headed ogre
  5910 | D:8      | Killed a two-headed ogre
  5910 | D:8      | Reached **** piety under Okawaru
  5911 | D:8      | Reached XP level 10. HP: 69/104 MP: 10/12
  5978 | D:8      | Noticed Harold
  5990 | D:8      | Noticed Prince Ribbit
  6019 | D:8      | Killed Harold
  6022 | D:8      | Killed Prince Ribbit
  6022 | D:8      | Reached ***** piety under Okawaru
  6108 | D:8      | Noticed mokwee's ghost (novice OpVM)
  6281 | D:8      | Noticed a thrashing horror
  6308 | D:8      | Found a transporter.
  6334 | D:8      | Found a staircase to the Lair.
  6513 | D:8      | Found a one-way gate to the infinite horrors of the Abyss.
  6522 | D:8      | Found a transporter.
  6849 | D:9      | Reached skill level 5 in Throwing
  6944 | D:9      | Found a staircase to the Orcish Mines.
  6960 | D:9      | Reached skill level 5 in Invocations
  7029 | D:9      | Identified the +2 hat of the Wary Friends {-Tele rF++ rC-
                  | Stlth+} (Okawaru gifted it to you on level 9 of the
                  | Dungeon)
  7029 | D:9      | Received a gift from Okawaru
  7100 | D:9      | Noticed a two-headed ogre
  7108 | D:9      | Killed a two-headed ogre
  7109 | D:9      | Reached skill level 5 in Dodging
  7109 | D:9      | Reached XP level 11. HP: 20/113 MP: 13/13
  7458 | D:9      | Found a large runed translucent door.
  7458 | D:9      | Found a large runed translucent door.
  7461 | D:9      | Noticed Fama's ghost (novice TrCK)
  7709 | D:10     | Entered Level 10 of the Dungeon
  7983 | D:10     | Got the Compendium of Flames and the Snowflakes
  9142 | D:11     | Noticed a two-headed ogre
  9150 | D:11     | Killed a two-headed ogre
  9422 | D:12     | Noticed Sonja
  9434 | D:12     | Killed Sonja
  9463 | D:12     | Noticed a rakshasa
  9464 | D:12     | Noticed an ice dragon
  9464 | D:12     | Noticed an ice dragon
  9465 | D:12     | Noticed a fire dragon
  9466 | D:12     | Noticed an ice dragon
  9467 | D:12     | Noticed a fire dragon
  9471 | D:12     | Killed a rakshasa
  9471 | D:12     | Received a gift from Okawaru
  9475 | D:12     | Found a runed translucent door.
  9478 | D:12     | Found the +2 shield of Resistance {rF++ rC++ Will++}
  9490 | D:12     | Found a runed translucent door.
  9644 | D:12     | Noticed a deep elf pyromancer
  9655 | D:12     | Killed a deep elf pyromancer
  9725 | D:12     | Received a gift from Okawaru
  9744 | D:12     | Noticed Urug
  9764 | D:12     | Killed Urug
  9804 | D:12     | Noticed a cyan ugly thing
  9813 | D:12     | Killed a cyan ugly thing
  9904 | D:12     | You fall into a shaft and drop 3 floors!
  9904 | D:15     | Entered Level 15 of the Dungeon
  9904 | D:15     | Noticed a purple ugly thing
  9904 | D:15     | Noticed a purple ugly thing
  9904 | D:15     | Noticed a purple ugly thing
  9904 | D:15     | Noticed a purple ugly thing
  9906 | D:15     | Noticed a purple ugly thing
  9908 | D:15     | Noticed a centaur warrior
  9917 | D:15     | Killed a purple ugly thing
  9928 | D:15     | Noticed a tengu warrior
  9962 | D:15     | Noticed a necromancer
  9964 | D:15     | Noticed an orc sorcerer
  9965 | D:15     | HP: 4/110 [necromancer/bolt of negative energy (28)]
  9966 | D:15     | Noticed a stone giant
  9966 | D:15     | Killed from afar by a necromancer

Illustrated notes

Levels and vault maps discovered:
D:1:      dpeg_arrival_orchard, layout_loops_ring, serial_forest,
          infiniplex_forest_straight_2, infiniplex_forest_clump_large,
          infiniplex_forest_clump_tiny, infiniplex_forest_clump_double,
          minmay_octomino_c4
D:2:      layout_basic, basic_ecumenical_altar
D:3:      layout_loops_ring, grunt_temple_overflow_champion_of_chaos,
          grunt_ministairs_4, serial_bayou_lake_a
D:4:      layout_cave_pools
D:5:      layout_rooms, mainiacjoe_overflow_two_lobes, minmay_temple_entry_glass
D:6:      layout_basic, tgw_fedhas, slow_altar_1, zin_purify,
          gup_sewer_entry_spiral, serial_bayou_pond_b
D:7:      layout_basic, beargit_hepliaklqana_dungeon_heroes,
          mainiacjoe_overflow_alcove_4, serial_shops, nicolae_square_shop,
          kennysheep_little_box, minmay_ruined_shrine
D:8:      layout_basic, lair_entry_dummy, gammafunk_ghost_abyssal_escape,
          uniq_harold, uniq_prince_ribbit1
D:9:      layout_loops_ring, david_orc_2, ebering_ghost_disaster_area,
          nicolae_two_hexagons
D:10:     layout_small_grid
D:11:     layout_stronghold, worms_lemuel
D:12:     layout_loops_ring, minmay_guarded_unrand_resistance, uniq_urug,
          uniq_nessos, uniq_sonja
D:15:     hangedman_depths_entry_civil_slaughter, layout_loops_ring,
          minmay_misc_feat_cross, portal_ice_cave_entry_pillars_four
Temple:   nicolae_temple_figure_eight

Skill      XL: |  1  2  3  4  5  6  7  8  9 10 11 |
---------------+----------------------------------+-----
Unarmed Combat | 1 2 3 4 6 7 9 10 | 10.2
Fighting       | 2 3 4 6 7 8 9 |  9.2
Invocations    | 2 4 5 6 |  6.3
Dodging        | 2 5 6 |  6.9
Throwing       | 5 7 |  7.7
Stealth        | |  0.3

Action                   |  1- 3 |  4- 6 |  7- 9 | 10-12 || total
-------------------------+-------+-------+-------+-------++-------
Melee: Unarmed           |   115 |   138 |   224 |   291 ||   768
       Punch             |       |     3 |    10 |    22 ||    35
Throw: Large rock        |     1 |     2 |     4 |     5 ||    12
Invok: Heroism           |       |       |     2 |     8 ||    10
  Use: Scroll            |       |     4 |     6 |     3 ||    13
       Potion            |       |       |       |     1 ||     1
 Stab: Sleeping          |       |     4 |     1 |     1 ||     6
Armor: Robe              |    50 |    34 |    54 |    33 ||   171
       Acid dragon scale |       |       |       |    43 ||    43
Dodge: Dodged            |    68 |    70 |   119 |   238 ||   495

Table legend: (Time is in decaauts)
 A = Elapsed time spent in this place.
 B = Non-inter-level travel time spent in this place.
 C = Inter-level travel time spent in this place.
 D = Time resting spent in this place.
 E = Time spent auto-exploring this place.
 F = Levels seen in this place.
 G = Mean time per level.
                   A        B        C        D        E       F      G
               +--------+--------+--------+--------+--------+-----+--------+
         Total |  10024 |   9582 |    442 |      0 |   5586 |  15 |  668.3 |
       Dungeon |   9596 |   9170 |    426 |      0 |   5557 |  13 |  738.2 |
        Temple |    185 |    169 |     16 |      0 |      0 |   1 |  185.0 |
         Sewer |    241 |    241 |      0 |      0 |     29 |   1 |  241.0 |
               +--------+--------+--------+--------+--------+-----+--------+

Top non-repeatable levels by time:
    D:11: 1071 daAuts
     D:6: 1040 daAuts
     D:9: 1007 daAuts
     D:7: 948 daAuts
     D:3: 916 daAuts
     D:8: 892 daAuts
     D:1: 806 daAuts
     D:2: 725 daAuts
    D:10: 626 daAuts
     D:5: 567 daAuts
    D:12: 494 daAuts
     D:4: 441 daAuts
   Sewer: 241 daAuts
  Temple: 185 daAuts
    D:15: 57 daAuts
